 Dungeon Crawl Stone Soup version 0.26.0-45-g9c1d065592 (webtiles) character file.

Game seed: 120212220248643531

1034 jlumianski the Chopper (level 8, -1/71 HPs)
             Began as a Palentonga Fighter on Jan 31, 2021.
             Slain by an orc warrior
             ... wielding a +0 hand axe
              (13 damage)
             ... on level 4 of the Dungeon.
             The game lasted 00:25:02 (5622 turns).

jlumianski the Chopper (Palentonga Fighter)         Turns: 5622, Time: 00:25:03

Health: -1/71      AC: 16    Str: 22      XL:     8   Next: 3%
Magic:  8/8        EV:  6    Int:  8      God:
Gold:   302        SH:  9    Dex:  8 (10) Spells: 7/7 levels left

rFire    . . .     SeeInvis +   a - +1 war axe
rCold    . . .     Faith    .   c - +0 kite shield
rNeg     . . .     Spirit   .   b - +0 scale mail
rPois    .         Reflect  .   v - +0 helmet
rElec    .         Harm     .   y - +0 cloak
rCorr    .         Rampage  .   (no gloves)
Will     .....                  (no barding)
Stlth    ..........             (no amulet)
HPRegen  0.21/turn              (no ring)
MPRegen  0.11/turn              (no ring)

@: curled up
A: large, rugged brown scales 3, see invisible, deformed body, roll 1, armoured
tail, reflexive curl
a: Rolling Charge


You were on level 4 of the Dungeon.
You visited 1 branch of the dungeon, and saw 6 of its levels.
You also visited: Ossuary.

You collected 302 gold pieces.

Inventory:

Hand Weapons
 a - a +1 war axe (weapon)
 u - a +2 dagger of venom
Missiles
 g - 63 poisoned darts
 h - 6 javelins (quivered)
 m - 116 stones
 x - 3 boomerangs
Armour
 b - a +0 scale mail (worn)
 c - a +0 kite shield (worn)
 v - a +0 helmet (worn)
 y - a +0 cloak (worn)
 D - a +0 chain mail
Scrolls
 e - a scroll of remove curse
 f - 5 scrolls of identify
 j - a scroll of amnesia
 n - a scroll of torment {unknown}
 p - 2 scrolls of enchant weapon
 r - 2 scrolls of random uselessness
 t - a scroll of blinking {unknown}
 z - a scroll of magic mapping
 A - 3 scrolls of teleportation
Potions
 d - a potion of might
 i - 3 potions of curing
 k - a potion of mutation {unknown}
 l - a potion of degeneration
 o - 2 potions of lignification
 q - a potion of haste {unknown}
 s - 2 potions of attraction
 w - a potion of flight
 B - a potion of magic
 C - a potion of resistance {unknown}


   Skills:
 + Level 4.6 Fighting
 + Level 6.4 Axes
 + Level 4.0 Armour
 + Level 1.9 Dodging
 + Level 0.4 Stealth
 + Level 3.8 Shields


You had 7 spell levels left.
You didn't know any spells.
Your spell library was empty.

Dungeon Overview and Level Annotations

Branches:
Dungeon (6/15)            Ossuary (visited)
 Temple: D:4-7

Altars:

Shops:
D:4 }


Innate Abilities, Weirdness & Mutations

You are completely covered in rugged brown scales. (AC +3, +7% HP)
You have supernaturally acute eyesight. (SInv)
Armour fits poorly on your strangely shaped body.
You can roll at nearby foes to attack.
You have a long armoured tail.
You curl defensively after being hit.


Message History

The orc warrior is almost dead.
You block the orc warrior's attack.
You hit the orc warrior but do no damage.
The orc warrior is almost dead.
The orc warrior hits you but does no damage.
You hit the orc warrior but do no damage.
The orc warrior is almost dead.
The orc warrior hits you with a +0 hand axe.
The orc warrior hits you but does no damage.
You barely miss the orc warrior. You tail-slap the orc warrior.
The orc warrior is almost dead.
You block the orc warrior's attack.
You hit the orc warrior but do no damage.
The orc warrior is almost dead.
The orc warrior hits you with a +0 hand axe!
* * * LOW HITPOINT WARNING * * *
You closely miss the orc warrior.
The orc warrior is almost dead.
The orc warrior hits you with a +0 hand axe!
You die...

...#.#.......#.#.# #...##########
####.#.....#...#.# #...##........
# #.#)...###..#.# #.........)...
# #.#...##.##...####.##..#######
# #.##.##...##........#..##.....
# #.....##.##...#######..#......
#####..##'.............'......
#...#..#o.)######..#......
########.#...##.@)#)......#......
.........#...#..))...##...#......
##########.#.#..[....##..........
.#...........#.......##..##......
.#.#########.........##.[##......
.#.# ########.###.)##...... .#.#
#.# #..######## .#.# ####.# #..#
.#.# #....# #..# ###


You could see an orc warrior.

Vanquished Creatures
  A sky beast (D:4)
  An ogre (D:4)
  A scorpion (D:5)
  A howler monkey (D:4)
  A jelly (D:4)
  A centaur zombie (Ossuary)
  2 human zombies (Ossuary)
  7 orc wizards
  2 hounds (D:4)
  An iguana (D:4)
  Natasha (D:4)
  A worker ant (D:4)
  2 big kobold zombies (Ossuary)
  2 mummies (Ossuary)
  Robin (D:3)
  A worker ant zombie (D:5)
  4 gnolls
  2 adders (D:2)
  An ooze (D:1)
  An adder zombie (Ossuary)
  3 worms (D:2)
  3 dart slugs
  15 orcs
  3 ball pythons
  7 bats
  5 giant cockroaches
  17 goblins
  18 hobgoblins
  3 jackals (D:2)
  14 kobolds
  A quokka (D:3)
  6 frilled lizards
  A goblin zombie (Ossuary)
  7 hobgoblin zombies (Ossuary)
  A jackal skeleton (D:4)
  A jackal zombie (Ossuary)
  16 kobold zombies (Ossuary)
  6 orc zombies (Ossuary)
  9 rats
170 creatures vanquished.

Notes
Turn   | Place    | Note
-------+----------+-------------------------------------------
     0 | D:1      | jlumianski the Palentonga Fighter began the quest for the
                  | Orb.
     0 | D:1      | Reached XP level 1. HP: 20/20 MP: 1/1
   134 | D:1      | Reached XP level 2. HP: 19/27 MP: 2/2
   482 | D:1      | Reached XP level 3. HP: 30/33 MP: 3/3
  1063 | D:2      | Reached skill level 3 in Axes
  1113 | D:2      | Reached XP level 4. HP: 30/40 MP: 4/4
  1858 | D:3      | Noticed Robin
  2250 | D:3      | Killed Robin
  2318 | D:3      | Reached XP level 5. HP: 47/48 MP: 5/5
  2569 | D:4      | Reached skill level 4 in Axes
  2607 | D:4      | Found a sand-covered staircase.
  2612 | Ossuary  | Entered an ossuary
  2759 | Ossuary  | Reached skill level 1 in Dodging
  2808 | Ossuary  | Reached XP level 6. HP: 36/55 MP: 6/6
  3114 | D:4      | Found Qigosaf's Gadget Emporium.
  3513 | D:3      | Reached skill level 5 in Axes
  3566 | D:3      | You fall into a shaft and drop 3 floors!
  3581 | D:6      | Noticed an orc warrior
  3606 | D:5      | Entered Level 5 of the Dungeon
  4016 | D:4      | Gained mutation: You curl defensively after being hit.
                  | [Palentonga growth]
  4016 | D:4      | Reached XP level 7. HP: 63/63 MP: 7/7
  4475 | D:4      | Noticed Natasha
  4479 | D:4      | Killed Natasha
  4902 | D:4      | Reached skill level 6 in Axes
  5344 | D:5      | Reached XP level 8. HP: 57/71 MP: 8/8
  5622 | D:4      | Slain by an orc warrior

Illustrated notes

Levels and vault maps discovered:
D:1:      zelgadis_glass_arrival_small, layout_loops_ring,
          minmay_tree_intersection
D:2:      layout_rooms
D:3:      layout_rooms, uniq_robin
D:4:      layout_basic, serial_shops, kennysheep_little_box, enter_ossuary_5,
          uniq_natasha
D:5:      layout_gridville, minmay_temple_entry_sparse_star,
          nicolae_ashenzari_panopticon, uniq_edmund, uniq_ijyb
D:6:      layout_rooms, hangedman_decor_clover_reticule

Skill      XL: |  1  2  3  4  5  6  7 |
---------------+----------------------+-----
Axes           | 3 4 5 6 |  6.4
Armour         | 3 4 |  4.0
Shields        | 3 |  3.8
Dodging        | 1 |  1.9
Fighting       | 4 |  4.6
Stealth        | |  0.4

Action                   |  1- 3 |  4- 6 |  7- 9 || total
-------------------------+-------+-------+-------++-------
Melee: War axe           |   118 |   304 |    72 ||   494
       Tailslap          |     2 |    42 |    12 ||    56
 Abil: Rolling Charge    |    15 |    25 |    12 ||    52
  Use: Potion            |     2 |     1 |     5 ||     8
       Scroll            |       |     8 |     1 ||     9
Armor: Scale mail        |    81 |   167 |    31 ||   279
Dodge: Dodged            |    22 |    70 |    18 ||   110
Block: Kite shield       |    70 |   167 |    42 ||   279
